Map: Abyssal Reef LE

Players

Yata - Winner!

  • Race: Zerg Zerg
  • League: Platinum
  • Spawn Location: 5:00

A.I. 1 (Harder)

  • Race: Protoss Protoss
  • Spawn Location: 11:00

VOD

Have the link to the VOD?

Description

Time

  • Played on: Oct. 28, 2017, 6:32 p.m.
  • Length: 11:02
Show
View Real Time Build Order
Export as new Build Order

Yata Zerg - Winner!

Build Orders: Hatch First 

Get SALT Encoding   

  12  0:01  Drone  
  13  0:13  Overlord  
  13  0:17  Drone  
  14  0:31  Drone x2  
  14  0:35  Drone  
  17  0:55  Drone  
  17  0:56  Hatchery  
  17  1:00  Drone  
  18  1:09  Extractor  
  17  1:15  Spawning Pool  
  17  1:17  Drone  
  17  1:21  Drone  
  18  1:28  Drone  
  19  1:38  Evolution Chamber  
  19  1:39  Drone  
  19  1:50  Overlord  
  19  2:01  Drone  
  20  2:08  Queen  
  20  2:09  Queen  
  20  2:12  Zergling x4  
  26  2:17  Metabolic Boost  
  26  2:21  Drone  
  27  2:29  Drone  
  28  2:36  Drone, Baneling Nest  
  28  2:38  Drone  
  29  2:48  Drone x2  
  31  2:52  Drone  
  31  2:55  Drone  
  33  3:08  Pneumatized Carapace  
  33  3:10  Drone  
  33  3:11  Drone  
  35  3:18  Drone  
  36  3:20  Overlord x3  
  36  3:42  Drone x5  
  36  3:45  Zerg Melee Weapons Level 1  
  41  4:00  Extractor  
  41  4:01  Extractor  
  39  4:06  Zergling x10  
  44  4:13  Baneling x2, Hatchery  
  44  4:17  Drone x3  
  45  4:18  Drone x3  
  45  4:19  Drone  
  45  4:20  Queen  
  52  4:30  Baneling  
  52  4:31  Baneling  
  52  4:39  Drone x3  
  55  5:04  Drone x5  
  55  5:06  Lair  
  60  5:07  Overlord  
  60  5:08  Overlord x2  
  58  5:20  Overlord x3  
  58  5:21  Overlord  
  58  5:29  Drone x4  
  62  5:38  Zergling x10  
  67  5:58  Queen  
  67  5:59  Queen  
  67  6:02  Drone  
  67  6:03  Drone x8  
  80  6:13  Zerg Melee Weapons Level 2, Hydralisk Den  
  80  6:14  Hatchery  
  78  6:24  Extractor  
  78  6:25  Extractor  
  76  6:32  Baneling x3  
  76  6:33  Baneling  
  76  6:47  Queen  
  76  6:48  Queen x2  
  76  6:51  Hydralisk x9  
  76  6:52  Hydralisk x3  
  106  7:08  Muscular Augments  
  102  7:23  Zergling x8  
  102  7:24  Zergling x2  
  104  7:30  Overlord x5  
  104  7:31  Overlord x2  
  104  7:51  Drone x14  
  118  8:06  Centrifical Hooks  
  118  8:08  Zergling x6  
  118  8:09  Zergling x8  
  125  8:20  Extractor  
  125  8:24  Zergling x18  
  133  8:40  Zergling x14  
  139  8:45  Queen x2  
  139  8:46  Queen x2  
  147  8:53  Baneling x15  
  147  8:54  Baneling x9  
  147  8:55  Zergling x8  
  148  8:56  Zergling x18  
  148  9:00  Hatchery  
  159  9:10  Zergling x2  
  159  9:11  Zergling x12  
  159  9:13  Overlord  
  166  9:20  Zergling x2  
  166  9:21  Zergling x2  
  168  9:39  Overlord x5  
  161  9:46  Infestation Pit  
  161  9:50  Zergling x26  
  166  9:53  Overlord  
  166  9:54  Overlord x3  
  166  10:05  Drone x8  
  171  10:14  Zergling x12  
  168  10:20  Drone  
  168  10:21  Drone x2  
  173  10:32  Zergling x2  
  173  10:33  Zergling x24  
Show
View Real Time Build Order
Export as new Build Order

A.I. 1 (Harder) Protoss 

Build Orders: 1 Gate Expand 

Get SALT Encoding   

  12  0:01  Probe (Chrono Boost)  
  13  0:11  Probe (Chrono Boost)  
  14  0:19  Pylon  
  14  0:22  Probe (Chrono Boost)  
  15  0:37  Probe (Chrono Boost)  
  15  0:39  Gateway  
  16  0:48  Probe (Chrono Boost)  
  17  1:12  Nexus, Probe (Chrono Boost)  
  18  1:23  Zealot  
  18  1:30  Pylon  
  18  1:32  Assimilator  
  20  1:42  Cybernetics Core  
  20  1:45  Probe (Chrono Boost)  
  21  1:56  Probe (Chrono Boost)  
  22  2:07  Probe (Chrono Boost)  
  22  2:08  Gateway  
  23  2:16  Assimilator, Stalker  
  25  2:24  Pylon, Probe (Chrono Boost)  
  26  2:35  Probe (Chrono Boost)  
  26  2:37  Warp Gate  
  27  2:42  Stalker  
  27  2:47  Probe (Chrono Boost)  
  30  3:02  Assimilator  
  30  3:08  Robotics Facility  
  30  3:26  Assimilator  
  30  3:29  Probe (Chrono Boost)  
  30  3:33  Probe (Chrono Boost)  
  32  3:40  Probe (Chrono Boost)  
  33  3:44  Probe (Chrono Boost)  
  34  3:52  Probe (Chrono Boost)  
  34  3:53  Gateway  
  34  3:54  Immortal  
  36  3:56  Probe (Chrono Boost)  
  40  4:12  Sentry  
  42  4:20  Probe (Chrono Boost)  
  42  4:22  Probe (Chrono Boost)  
  44  4:30  Immortal  
  44  4:31  Pylon, Probe (Chrono Boost)  
  45  4:35  Probe (Chrono Boost)  
  50  4:42  Probe (Chrono Boost)  
  51  4:46  Probe (Chrono Boost)  
  51  4:50  Forge  
  52  4:56  Probe (Chrono Boost)  
  52  4:59  Probe (Chrono Boost)  
  55  5:07  Probe (Chrono Boost)  
  55  5:10  Probe (Chrono Boost)  
  53  5:14  Pylon  
  53  5:16  Protoss Ground Armor Level 1  
  53  5:18  Probe (Chrono Boost)  
  55  5:21  Probe (Chrono Boost)  
  55  5:24  Zealot  
  58  5:29  Probe (Chrono Boost)  
  58  5:33  Probe (Chrono Boost)  
  59  5:40  Probe (Chrono Boost)  
  59  5:41  Zealot  
  62  5:45  Probe (Chrono Boost)  
  62  5:46  Pylon  
  63  5:51  Probe (Chrono Boost)  
  63  5:56  Probe (Chrono Boost)  
  65  5:57  Stalker  
  65  6:02  Probe (Chrono Boost)  
  68  6:07  Pylon, Probe (Chrono Boost)  
  69  6:13  Stalker  
  69  6:14  Probe (Chrono Boost)  
  73  6:19  Probe (Chrono Boost)  
  73  6:25  Probe (Chrono Boost)  
  74  6:30  Pylon, Stalker, Probe (Chrono Boost)  
  77  6:36  Probe (Chrono Boost)  
  78  6:41  Probe (Chrono Boost)  
  78  6:43  Immortal  
  78  6:46  Sentry  
  81  6:53  Pylon  
  81  6:59  Immortal  
  81  7:01  Photon Cannon  
  81  7:02  Protoss Ground Weapons Level 1  
  81  7:05  Photon Cannon  
  81  7:07  Pylon  
  85  7:11  Pylon  
  85  7:14  Stargate  
  70  7:16  Probe (Chrono Boost)  
  64  7:23  Probe (Chrono Boost)  
  57  7:31  Probe (Chrono Boost)  
  57  7:35  Probe (Chrono Boost)  
  57  7:36  Immortal  
  59  7:42  Probe (Chrono Boost)  
  64  7:46  Probe (Chrono Boost)  
  65  7:53  Probe (Chrono Boost)  
  65  7:57  Oracle  
  65  7:58  Probe (Chrono Boost)  
  67  8:05  Probe (Chrono Boost)  
  71  8:09  Probe (Chrono Boost)  
  71  8:12  Photon Cannon  
  72  8:13  Immortal  
  72  8:17  Probe (Chrono Boost)  
  78  8:20  Probe (Chrono Boost)  
  78  8:28  Probe (Chrono Boost)  
  78  8:30  Photon Cannon  
  78  8:32  Probe (Chrono Boost)  
  80  8:39  Probe (Chrono Boost)  
  81  8:43  Probe (Chrono Boost)  
  82  8:50  Probe (Chrono Boost)  
  82  8:51  Observer  
  82  8:54  Probe (Chrono Boost)  
  85  9:01  Probe (Chrono Boost)  
  86  9:05  Probe (Chrono Boost)  
  87  9:11  Observer  
  87  9:12  Probe (Chrono Boost)  
  87  9:16  Probe (Chrono Boost)  
  89  9:18  Void Ray  
  89  9:23  Probe (Chrono Boost)  
  94  9:27  Warp Prism  
  94  9:29  Nexus  
  63  9:59  Warp Prism  
  53  10:01  Zealot, Stalker  
  53  10:05  Mothership Core (Chrono Boost)  
  53  10:06  Stalker  
  46  10:21  Stalker  
Tags
 
Add a new tag
Caveats
  • Supply blocks, unpowered buildings, or Contaminate may cause inaccurate times.
  • Supply counts are checked every 10 seconds.